3L
HOUSTON 1837 BBC @ KINGSTON TOWNSHIP KNIGHTS
09/21/2034
 
TOP OF THE 1ST
Houston 1837 BBC batting - Pitching for Kingston Township Knights : RHP Victor de Meij
Pitching: RHP Victor de Meij
Batting: LHB Kai-ge Choe 0-0: Ball
1-0: Ball
2-0: Ball
3-0: Called Strike
3-1: Called Strike
3-2: Strikes out swinging
Batting: RHB Joey Trifone 0-0: Ball
1-0: Called Strike
1-1: Foul Ball, location: 2F
1-2: Strikes out looking
Batting: RHB Jon Osterman 0-0: Called Strike
0-1: Ball
1-1: Ground out 5-3 (Groundball, 56S)
Top of the 1st over - 0 runs, 0 hits, 0 errors, 0 left on base; Houston 0 - Kingston Township 0
BOTTOM OF THE 1ST
Kingston Township Knights batting - Pitching for Houston 1837 BBC : RHP Chris Holland
Pitching: RHP Chris Holland
Batting: RHB Ron Bernard 0-0: Ball
1-0: Ground out 6-3 (Groundball, 6)
Batting: LHB António González 0-0: Foul Ball, location: 2F
0-1: Ball
1-1: SINGLE (Flyball, 89S)
Batting: RHB Júlio Rodríguez 0-0: Ball
1-0: Ball
2-0: Ball
3-0: Base on Balls
António González to second
Batting: LHB Ed Mellor 0-0: Ball
António González steals 3rd base
1-0: Ball
2-0: Ball
3-0: Called Strike
3-1: Ground out 3-1 (Groundball, 3)
António González scores
Júlio Rodríguez to second
Batting: RHB José Icaza 0-0: Called Strike
0-1: Foul Ball, location: 2F
0-2: Ball
1-2: Ball
2-2: Strikes out swinging
Bottom of the 1st over - 1 run, 1 hit, 0 errors, 1 left on base; Houston 0 - Kingston Township 1
TOP OF THE 2ND
Houston 1837 BBC batting - Pitching for Kingston Township Knights : RHP Victor de Meij
Batting: LHB Scott Kerin 0-0: Called Strike
0-1: Foul Ball, location: 2F
0-2: Foul Ball, location: 2F
0-2: Ball
1-2: Foul Ball, location: 2F
1-2: Ball
2-2: Foul Ball, location: 2F
2-2: Foul Ball, location: 2F
2-2: SINGLE (Flyball, 9S)
Batting: RHB Komotay Koffie 0-0: Ball
1-0: Ball
2-0: Foul Ball, location: 2F
2-1: SINGLE (Line Drive, 78S)
Scott Kerin to second
Batting: LHB Mike Houston 0-0: Foul Ball, location: 2F
0-1: Ball
1-1: Foul Ball, location: 2F
1-2: Ball
2-2: Foul Ball, location: 2F
2-2: Foul Ball, location: 2F
2-2: SINGLE (Groundball, 34D)
Scott Kerin to third
Komotay Koffie to second
Runner from 3rd tries for Home, SAFE, no throw
Batting: RHB Phil Sherman 0-0: Ball
1-0: Foul Ball, location: 2F
1-1: Ball
2-1: Swinging Strike
2-2: Ball
3-2: Fly out, F7 (Flyball, 78M)
Batting: RHB Eugene Bennett 0-0: Ball
1-0: Swinging Strike
1-1: Called Strike
1-2: Foul Ball, location: 2F
1-2: Strikes out swinging
Batting: RHB Juan Chávez 0-0: Foul Ball, location: 2F
0-1: Ball
1-1: Ball
2-1: DOUBLE (Flyball, 8RXD)
Komotay Koffie scores
Mike Houston to third
Runner from 3rd tries for Home, SAFE, no throw
Batting: LHB Kai-ge Choe 0-0: Ball
1-0: Called Strike
1-1: DOUBLE (Line Drive, 7LM)
Juan Chávez scores
Batting: RHB Joey Trifone 0-0: Ball
1-0: Called Strike
1-1: Ground out 5-3 (Groundball, 56S)
Top of the 2nd over - 4 runs, 5 hits, 0 errors, 1 left on base; Houston 4 - Kingston Township 1
BOTTOM OF THE 2ND
Kingston Township Knights batting - Pitching for Houston 1837 BBC : RHP Chris Holland
Batting: LHB Scot Willis 0-0: Called Strike
0-1: Ball
1-1: Foul Ball, location: 2F
1-2: Ball
2-2: Foul Ball, location: 2F
2-2: Strikes out swinging
Batting: RHB Júlio Robles 0-0: Ball
1-0: Called Strike
1-1: Ball
2-1: SINGLE (Line Drive, 8RS)
Batting: LHB Ruben Yim 0-0: SINGLE (Line Drive, 34D)
Júlio Robles to second
Runner from 2nd tries for 3rd, SAFE, no throw
Batting: RHB Pancho Rodríguez 0-0: Called Strike
0-1: Foul Ball, location: 2F
0-2: Ball
1-2: Ball
2-2: Foul Ball, location: 2F
2-2: TRIPLE (Line Drive, 78XD)
Júlio Robles scores
Ruben Yim scores
Batting: RHB Ron Bernard 0-0: Ball
1-0: Ground out 3-1 (Groundball, 23)
Pancho Rodríguez scores
Batting: LHB António González 0-0: Foul Ball, location: 2F
0-1: Ball
1-1: Foul Ball, location: 2F
1-2: Foul Ball, location: 2F
1-2: Ball
2-2: Ground out 4-3 (Groundball, 4)
Bottom of the 2nd over - 3 runs, 3 hits, 0 errors, 0 left on base; Houston 4 - Kingston Township 4
TOP OF THE 3RD
Houston 1837 BBC batting - Pitching for Kingston Township Knights : RHP Victor de Meij
Batting: RHB Jon Osterman 0-0: Ball
1-0: Called Strike
1-1: Called Strike
1-2: Strikes out swinging
Batting: LHB Scott Kerin 0-0: Ball
1-0: Called Strike
1-1: Ball
2-1: Ball
3-1: Base on Balls
Batting: RHB Komotay Koffie 0-0: Ball
1-0: Ball
2-0: Called Strike
2-1: Ball
3-1: Fly out, F9 (Flyball, 9S)
Batting: LHB Mike Houston 0-0: Called Strike
0-1: Swinging Strike
0-2: Fielders Choice at 2nd, 6-4 (Groundball, 6)
Top of the 3rd over - 0 runs, 0 hits, 0 errors, 1 left on base; Houston 4 - Kingston Township 4
BOTTOM OF THE 3RD
Kingston Township Knights batting - Pitching for Houston 1837 BBC : RHP Chris Holland
Batting: RHB Júlio Rodríguez 0-0: Ball
1-0: Foul Ball, location: 2F
1-1: Ball
2-1: Ball
3-1: Base on Balls
Batting: LHB Ed Mellor 0-0: Ball
1-0: Swinging Strike
1-1: Called Strike
1-2: Strikes out swinging
Batting: RHB José Icaza 0-0: Called Strike
0-1: Grounds into double play, 5-4-3 (Groundball, 56)
Bottom of the 3rd over - 0 runs, 0 hits, 0 errors, 0 left on base; Houston 4 - Kingston Township 4
TOP OF THE 4TH
Houston 1837 BBC batting - Pitching for Kingston Township Knights : RHP Victor de Meij
Batting: RHB Phil Sherman 0-0: Ball
1-0: Ground out 6-3 (Groundball, 6S)
Batting: RHB Eugene Bennett 0-0: Ball
1-0: Ball
2-0: Foul Ball, location: 2F
2-1: TRIPLE (Line Drive, 89XD)
Batting: RHB Juan Chávez 0-0: Ball
1-0: Fly out, F3 (Popup, 34S)
Batting: LHB Kai-ge Choe 0-0: Ball
1-0: SINGLE (Line Drive, 78S)
Eugene Bennett scores
Batting: RHB Joey Trifone 0-0: Ball
1-0: Fly out, F5 (Line Drive, 5)
Top of the 4th over - 1 run, 2 hits, 0 errors, 1 left on base; Houston 5 - Kingston Township 4
BOTTOM OF THE 4TH
Kingston Township Knights batting - Pitching for Houston 1837 BBC : RHP Chris Holland
Batting: LHB Scot Willis 0-0: Swinging Strike
0-1: Ball
1-1: Ground out U3 (Groundball, 3)
Batting: RHB Júlio Robles 0-0: Called Strike
0-1: Ground out 4-3 (Groundball, 4)
Batting: LHB Ruben Yim 0-0: Ball
1-0: TRIPLE (Groundball, 5L)
Batting: RHB Pancho Rodríguez 0-0: Fly out, F8 (Flyball, 8RXD)
Bottom of the 4th over - 0 runs, 1 hit, 0 errors, 1 left on base; Houston 5 - Kingston Township 4
TOP OF THE 5TH
Houston 1837 BBC batting - Pitching for Kingston Township Knights : RHP Victor de Meij
Batting: RHB Jon Osterman 0-0: Called Strike
0-1: Swinging Strike
0-2: Ball
1-2: SINGLE (Line Drive, 6MD)
Batting: LHB Scott Kerin 0-0: Ball
1-0: Swinging Strike
1-1: Ball
2-1: DOUBLE (Line Drive, 89XD)
Jon Osterman to third
Batting: RHB Komotay Koffie 0-0: Ball
1-0: Foul Ball, location: 2F
1-1: Ball
2-1: 3-RUN HOME RUN (Flyball, 7LD), Distance : 359 ft
Batting: LHB Mike Houston 0-0: Ball
1-0: SINGLE (Groundball, 34D)
Pitching: RHP Manny Castro
Batting: RHB Phil Sherman 0-0: Bunted foul
0-1: Sac Bunt - play at first, batter OUT! 5-4
Mike Houston to second
Batting: RHB Eugene Bennett 0-0: Called Strike
0-1: Ground out 1-3 (Groundball, 15)
Batting: RHB Juan Chávez 0-0: Foul Ball, location: 2F
0-1: Called Strike
0-2: Ball
1-2: Strikes out swinging
Top of the 5th over - 3 runs, 4 hits, 0 errors, 1 left on base; Houston 8 - Kingston Township 4
BOTTOM OF THE 5TH
Kingston Township Knights batting - Pitching for Houston 1837 BBC : RHP Chris Holland
Batting: RHB Ron Bernard 0-0: Ball
1-0: Ball
2-0: Foul Ball, location: 2F
2-1: Ball
3-1: Foul Ball, location: 2F
3-2: DOUBLE (Line Drive, 8RD)
Batting: LHB António González 0-0: Ball
1-0: Ground out U3 (Groundball, 34S)
Ron Bernard to third
Batting: RHB Júlio Rodríguez 0-0: Ball
1-0: Swinging Strike
1-1: Ball
2-1: Ball
3-1: Base on Balls
Batting: LHB Ed Mellor 0-0: Ball
1-0: Ball
2-0: Ball
3-0: Called Strike
3-1: Called Strike
3-2: Foul Ball, location: 2F
3-2: Fly out, F6 (Line Drive, 56)
Pitching: LHP Javier Desdin
Batting: RHB José Icaza 0-0: Ground out 4-3 (Groundball, 34)
Bottom of the 5th over - 0 runs, 1 hit, 0 errors, 2 left on base; Houston 8 - Kingston Township 4
TOP OF THE 6TH
Houston 1837 BBC batting - Pitching for Kingston Township Knights : RHP Manny Castro
Batting: LHB Kai-ge Choe 0-0: Ball
1-0: Ball
2-0: Ball
3-0: SINGLE (Line Drive, 89S)
Batting: RHB Joey Trifone 0-0: Called Strike
0-1: Ball
1-1: Ball
2-1: Foul Ball, location: 2F
2-2: 2-RUN HOME RUN (Flyball, 7LD), Distance : 383 ft
Batting: RHB Jon Osterman 0-0: Fly out, F9 (Flyball, 9S)
Batting: LHB Scott Kerin 0-0: Ground out 1-3 (Groundball, P)
Batting: RHB Komotay Koffie 0-0: Ground out 5-3 (Groundball, 56S)
Top of the 6th over - 2 runs, 2 hits, 0 errors, 0 left on base; Houston 10 - Kingston Township 4
BOTTOM OF THE 6TH
Kingston Township Knights batting - Pitching for Houston 1837 BBC : LHP Javier Desdin
Batting: LHB Scot Willis 0-0: Foul Ball, location: 2F
0-1: Swinging Strike
0-2: Ball
1-2: Strikes out swinging
Batting: RHB Júlio Robles 0-0: Called Strike
0-1: Called Strike
0-2: Ball
1-2: Ball
2-2: Foul Ball, location: 2F
2-2: Strikes out swinging
Batting: LHB Ruben Yim 0-0: Fly out, F6 (Popup, 6MS)
Bottom of the 6th over - 0 runs, 0 hits, 0 errors, 0 left on base; Houston 10 - Kingston Township 4
TOP OF THE 7TH
Houston 1837 BBC batting - Pitching for Kingston Township Knights : RHP Manny Castro
Batting: LHB Mike Houston 0-0: Ball
1-0: Ball
2-0: SINGLE (Groundball, 34S) (infield hit)
Batting: RHB Phil Sherman 0-0: Ball
1-0: Ball
2-0: Foul Ball, location: 2F
2-1: Swinging Strike
2-2: Ball
3-2: SINGLE (Line Drive, 5S)
Mike Houston to second
Runner from 2nd tries for 3rd, SAFE, no throw
Batting: RHB Eugene Bennett 0-0: Swinging Strike
0-1: DOUBLE (Flyball, 8LD)
Mike Houston scores
Phil Sherman to third
Batting: RHB Juan Chávez 0-0: Called Strike
0-1: Foul Ball, location: 2F
0-2: DOUBLE (Line Drive, 7LD)
Phil Sherman scores
Eugene Bennett scores
Batting: LHB Kai-ge Choe 0-0: Swinging Strike
0-1: Swinging Strike
0-2: Ball
1-2: Strikes out swinging
Batting: RHB Joey Trifone 0-0: Ball
1-0: Ball
2-0: Fly out, F7 (Line Drive, 7)
Batting: RHB Jon Osterman 0-0: Ball
1-0: Foul Ball, location: 2F
1-1: Called Strike
1-2: Foul Ball, location: 2F
1-2: Strikes out swinging
Top of the 7th over - 3 runs, 4 hits, 0 errors, 1 left on base; Houston 13 - Kingston Township 4
BOTTOM OF THE 7TH
Kingston Township Knights batting - Pitching for Houston 1837 BBC : LHP Javier Desdin
Batting: RHB Pancho Rodríguez 0-0: Called Strike
0-1: Ball
1-1: Ball
2-1: Ball
3-1: Base on Balls
Batting: RHB Ron Bernard 0-0: Ball
1-0: Swinging Strike
1-1: Ball
2-1: Swinging Strike
2-2: Foul Ball, location: 2F
2-2: Fly out, F6 (Popup, 6M)
Batting: LHB António González 0-0: SINGLE (Line Drive, 34D)
Pancho Rodríguez to second
Batting: RHB Júlio Rodríguez 0-0: Ball
1-0: Fly out, F3 (Popup, 34)
Batting: LHB Ed Mellor 0-0: Ball
1-0: Fly out, F9 (Flyball, 9LSF)
Bottom of the 7th over - 0 runs, 1 hit, 0 errors, 2 left on base; Houston 13 - Kingston Township 4
TOP OF THE 8TH
Houston 1837 BBC batting - Pitching for Kingston Township Knights : RHP Manny Castro
Batting: LHB Scott Kerin 0-0: Called Strike
0-1: Ball
1-1: DOUBLE (Line Drive, 8RD)
Batting: RHB Komotay Koffie 0-0: Ball
1-0: Ball
2-0: Called Strike
2-1: Foul Ball, location: 2F
2-2: Foul Ball, location: 2F
2-2: Foul Ball, location: 2F
2-2: Ball
3-2: Fly out, F6 (Line Drive, 6)
Batting: LHB Mike Houston 0-0: Ball
1-0: Called Strike
1-1: Ball
2-1: Ball
3-1: Base on Balls
Batting: RHB Phil Sherman 0-0: Foul Ball, location: 2F
0-1: Called Strike
0-2: Ball
1-2: Ball
2-2: Ball
3-2: Base on Balls
Scott Kerin to third
Mike Houston to second
Batting: RHB Eugene Bennett 0-0: DOUBLE (Flyball, 8LD)
Scott Kerin scores
Mike Houston scores
Phil Sherman to third
Batting: RHB Juan Chávez 0-0: Called Strike
0-1: Fly out, F6 (Line Drive, 6)
Lined into DP, 6-5 (Line Drive, 6)
Top of the 8th over - 2 runs, 2 hits, 0 errors, 1 left on base; Houston 15 - Kingston Township 4
BOTTOM OF THE 8TH
Kingston Township Knights batting - Pitching for Houston 1837 BBC : LHP Javier Desdin
Batting: RHB José Icaza 0-0: Called Strike
0-1: Ball
1-1: Ball
2-1: Ground out 6-3 (Groundball, 6)
Pitching: LHP José Flores
Batting: LHB Scot Willis 0-0: Swinging Strike
0-1: Ball
1-1: Foul Ball, location: 2F
1-2: Ball
2-2: Ball
3-2: Strikes out swinging
Batting: RHB Júlio Robles 0-0: Called Strike
0-1: Swinging Strike
0-2: Strikes out looking
Bottom of the 8th over - 0 runs, 0 hits, 0 errors, 0 left on base; Houston 15 - Kingston Township 4
TOP OF THE 9TH
Houston 1837 BBC batting - Pitching for Kingston Township Knights : RHP Manny Castro
Batting: LHB Kai-ge Choe 0-0: Swinging Strike
0-1: Ball
1-1: Ground out 4-3 (Groundball, 34D)
Batting: RHB Joey Trifone 0-0: Ball
1-0: Foul Ball, location: 2F
1-1: Ball
2-1: Foul Ball, location: 2F
2-2: Ground out 5-3 (Groundball, 5S)
Batting: RHB Jon Osterman 0-0: Ground out 4-3 (Groundball, 6M)
Top of the 9th over - 0 runs, 0 hits, 0 errors, 0 left on base; Houston 15 - Kingston Township 4
BOTTOM OF THE 9TH
Kingston Township Knights batting - Pitching for Houston 1837 BBC : LHP José Flores
Batting: LHB Ruben Yim 0-0: Ball
1-0: Ball
2-0: Called Strike
2-1: SINGLE (Groundball, 4MD)
Batting: RHB Pancho Rodríguez
Pinch Hitting: RHB Alejandro Serrato 0-0: Called Strike
0-1: Ball
1-1: SINGLE (Groundball, 4MD)
Ruben Yim to second
Batting: RHB Ron Bernard 0-0: Ball
1-0: Called Strike
1-1: Ball
2-1: Ball
3-1: Foul Ball, location: 2F
3-2: Foul Ball, location: 2F
3-2: Foul Ball, location: 2F
3-2: Fly out, F7 (Flyball, 78D)
Batting: LHB António González 0-0: Ball
1-0: Reached on error, E1 (Groundball, 13S)
Ruben Yim to third
Alejandro Serrato to second
Batting: RHB Júlio Rodríguez 0-0: Foul Ball, location: 2F
0-1: Ball
Wild Pitch!
Ruben Yim scores
Alejandro Serrato to third
António González to second
1-1: Ball
2-1: Fly out, F2 (Popup, 25F)
Batting: LHB Ed Mellor 0-0: Foul Ball, location: 2F
0-1: Ground out 4-3 (Groundball, 4)
Bottom of the 9th over - 1 run, 2 hits, 1 error, 2 left on base; Houston 15 - Kingston Township 5
Friday, March 29th, 2019 - OOTP Baseball 18.8 Build 76